 Dungeon Crawl Stone Soup version 0.24-a0-583-g87330a484a (webtiles) character file.

Game seed: 16002237299586764017, levelgen mode: deterministic

29 ElectroBlueGuy the Firebug (level 3, 0/28 HPs)
             Began as a Draconian Fire Elementalist on Aug 27, 2019.
             Slain by Robin
             ... wielding a cursed +0 mace
              (7 damage)
             ... on level 2 of the Dungeon.
             The game lasted 00:05:28 (1104 turns).

ElectroBlueGuy the Firebug (DrFE)                   Turns: 1104, Time: 00:05:29

Health: 0/28       AC:  6    Str: 10    XL:     3   Next: 1%
Magic:  0/6        EV: 12    Int: 16    God:
Gold:   8          SH:  0    Dex: 11    Spells: 3/6 levels left

rFire    . . .     SeeInvis .   f - +0 short sword
rCold    . . .     Gourm    .   (no shield)
rNeg     . . .     Faith    .   (armour unavailable)
rPois    .         Spirit   .   (helmet restricted)
rElec    .         Reflect  .   a - +0 cloak
rCorr    .         Harm     .   (no gloves)
MR       .....                  (no boots)
Stlth    ++........             (no amulet)
HPRegen  0.09/turn              (no ring)
MPRegen  0.10/turn              (no ring)

@: no status effects
A: unfitting armour, cold-blooded, AC +5
a: no special abilities


You were on level 2 of the Dungeon.
You were very hungry.

You visited 1 branch of the dungeon, and saw 2 of its levels.

You collected 8 gold pieces.

Inventory:

Hand Weapons
 d - a +0 hand axe
 f - a +0 short sword (weapon)
Missiles
 c - 6 stones (quivered)
Armour
 a - a +0 cloak (worn)
Comestibles
 b - 3 rations


   Skills:
 + Level 1.0 Fighting
 + Level 0.4 Short Blades
 - Level 0.1 Axes
 + Level 2.1 Dodging
 + Level 2.0 Stealth
 + Level 2.2 Spellcasting
 + Level 1.2 Conjurations
 + Level 3.1 Fire Magic


You had 3 spell levels left.
You knew the following spells:

 Your Spells              Type           Power        Failure   Level  Hunger
a - Flame Tongue          Conj/Fire      #....        9%          1    #......
b - Throw Flame           Conj/Fire      #.....       12%         2    ###....

Your spell library contained the following spells:

 Spells                   Type           Power        Failure   Level  Hunger
 Conjure Flame            Conj/Fire      #.......     24%         3    ###....
 Inner Flame              Hex/Fire       #.......     32%         3    ###....
 Sticky Flame             Conj/Fire      #.......     63%         4    #####..
 Fireball                 Conj/Fire      #.........   92%         5    ######.


Dungeon Overview and Level Annotations

Branches:
Dungeon (2/15)

Altars:

Annotations:
D:2 Robin


Innate Abilities, Weirdness & Mutations

Your plain brown scales are hard. (AC +5)
You cannot fit into any form of body armour.
You are cold-blooded and may be slowed by cold attacks.


Message History

Casting: Throw Flame (safe; 12% risk of failure)
Confirm with . or Enter, or press ? or * to list all spells.
Aiming: Throw Flame (safe; 12% risk of failure)
Press: ? - help, Shift-Dir - straight line, f/p - Robin
Aim: Robin, wielding a +0 mace, wearing a +0 animal skin and wearing a +0 helmet (lightly wounded)
The puff of flame hits Robin.
Robin is heavily wounded.
Robin barely misses you.
Casting: Throw Flame (safe; 12% risk of failure)
Confirm with . or Enter, or press ? or * to list all spells.
Aiming: Flame Tongue (safe; 9% risk of failure)
Press: ? - help, Shift-Dir - straight line, f/p - Robin
Aim: Robin, wielding a +0 mace, wearing a +0 animal skin and wearing a +0 helmet (heavily wounded)
The flame tongue hits Robin but does no damage.
Robin is heavily wounded.
Robin closely misses you.
You hit Robin.
Robin is heavily wounded.
Robin hits you with a cursed +0 mace!
You die...

### . .... ..
... ### ###
.. #...#.....
##.#.#.#.#.#
.g........
#..##.#####.#
#..<..#...<
###.#.###
#.#.% #.#..


You could see Robin.

Vanquished Creatures
  A dart slug (D:1)
  A bat (D:1)
  11 goblins
  4 hobgoblins
  2 jackals (D:2)
  2 kobolds (D:1)
  2 rats (D:1)
23 creatures vanquished.

Notes
Turn   | Place    | Note
-------+----------+-------------------------------------------
     0 | D:1      | ElectroBlueGuy the Draconian Fire Elementalist began the
                  | quest for the Orb.
     0 | D:1      | Reached XP level 1. HP: 14/14 MP: 3/3
   376 | D:1      | Reached XP level 2. HP: 22/22 MP: 3/5
   380 | D:1      | Learned a level 2 spell: Throw Flame
  1036 | D:2      | Noticed Robin
  1090 | D:2      | Reached skill level 1 in Fighting
  1092 | D:2      | Reached XP level 3. HP: 13/28 MP: 6/6
  1104 | D:2      | Slain by Robin

Levels and vault maps discovered:
D:1:      eino_arrival_tree_alley, layout_basic, minmay_hexomino_f4
D:2:      wander_river, layout_basic, chequers_ecumenical_altar_simple_redux,
          uniq_robin, uniq_terence

Skill      XL: |  1  2 |
---------------+-------+-----
Dodging        | 2 |  2.1
Stealth        | 2 |  2.0
Fighting       | 1 |  1.0
Short Blades   | |  0.4
Axes           | |  0.1
Spellcasting   | |  2.2
Conjurations   | |  1.2
Fire Magic     | |  3.1

Action                   || total
-------------------------++-------
Melee: Hand axe          ||    17
       Tailslap          ||     8
       Short sword       ||    56
 Cast: Flame Tongue      ||    12
       Throw Flame       ||     6
  Use: Scroll            ||     3
       Potion            ||     1
Armor: Skin              ||    19
Dodge: Dodged            ||    54

Table legend:
 A = Non-vault XP
 B = Vault XP
 C = Vault XP percentage of total XP
 D = Non-vault monster count
 E = Vault monster count
 F = Vault count percentage of total count
                 A         B        C        D         E       F
            +---------+---------+-------+---------+---------+-------
      Total |      18 |      24 |  57.1 |      10 |      13 |  56.5
            +---------+---------+-------+---------+---------+-------
        D:1 |      14 |       5 |  26.3 |       8 |       3 |  27.3
        D:2 |       4 |      19 |  82.6 |       2 |      10 |  83.3
            +---------+---------+-------+---------+---------+-------
